 Dungeon Crawl Stone Soup version 0.18-a0-1229-ge9a1a01 (webtiles) character file.

1020 MrRokkomies the Conjurer (level 8, 0/50 HPs)
             Began as an Octopode Conjurer on Feb 4, 2016.
             Was a Believer of Vehumet.
             Slain by an ice beast (6 damage)
             ... on level 6 of the Dungeon.
             The game lasted 00:13:50 (4966 turns).

MrRokkomies the Conjurer (Octopode Conjurer)        Turns: 4966, Time: 00:13:50

Health: 0/50       AC:  2    Str:  7    XL:     8   Next: 22%
Magic:  14/14      EV: 18    Int: 20    God:    Vehumet [**....]
Gold:   251        SH:  0    Dex: 12    Spells: 4 memorised, 6 levels left

rFire  x . .     SeeInvis .     j - +5 hand axe (flame)
rCold  + . .     Gourm    .     (no shield)
rNeg   . . .     Faith    .     (helmet restricted)
rPois  +         Spirit   .     (no amulet)
rElec  .         Dismiss  .     i - ring of protection from magic
rCorr  .         Reflect  .     r - +3 ring of evasion
SustAt .         Harm     .     y - +2 ring of evasion
MR     +....                    E - ring "Ineoss" {Ice rPois}
Stlth  +++.......               (no ring)
                                (no ring)
                                (no ring)
                                (no ring)

@: somewhat resistant to hostile enchantments, fairly stealthy
A: almost no armour, amphibious, 8 rings, constrict 8, molten scales 1,
camouflage 1, gelatinous body 1
a: Renounce Religion


You were on level 6 of the Dungeon.
You worshipped Vehumet.
Vehumet was pleased with you.
You were not hungry.

You visited 1 branch of the dungeon, and saw 6 of its levels.

You collected 251 gold pieces.

Inventory:

Hand Weapons
 j - a +5 hand axe of flaming (weapon)
 D - a +1 flail of protection
Missiles
 h - 20 poisoned needles
Jewellery
 i - a ring of protection from magic (left tentacle)
 r - a +3 ring of evasion (right tentacle)
 y - a +2 ring of evasion (on tentacle)
 E - the ring "Ineoss" (on tentacle) {Ice rPois}
   (You found it on level 5 of the Dungeon)

   [ring of ice]

   It enhances your ice magic, and weakens your fire magic.
   It makes you vulnerable to fire.
   It protects you from cold.
   It protects you from poison.
Scrolls
 c - 2 scrolls of enchant weapon
 p - 2 scrolls of remove curse
 t - 4 scrolls of magic mapping
 z - 2 scrolls of amnesia
 C - a scroll of recharging
Potions
 e - 4 potions of curing
 f - a potion of agility
 g - 5 potions of heal wounds
 l - a potion of haste
 n - a potion of brilliance
 q - 2 potions of magic {unknown}
 s - 2 potions of lignification {unknown}
 u - a potion of cure mutation {unknown}
Books
 a - a book of Conjurations

   Spells                             Type                      Level
   a - Magic Dart                     Conjuration                  1
   b - Searing Ray                    Conjuration                  2
   c - Dazzling Spray                 Conjuration/Hexes            3
   d - Fulminant Prism                Conjuration/Hexes            4
   e - Iskenderun's Mystic Blast      Conjuration                  4
   f - Iskenderun's Battlesphere      Conjuration/Charms           5
Comestibles
 b - 3 bread rations
 d - a beef jerky
 v - a meat ration
 x - a slice of pizza


   Skills:
 * Level 2.0 Fighting
 * Level 3.0 Dodging
 - Level 2.6 Stealth
 - Level 4.6 Spellcasting
 - Level 6.5 Conjurations
 - Level 5.0 Hexes


You had 6 spell levels left.
You knew the following spells:

 Your Spells              Type           Power        Failure   Level  Hunger
a - Magic Dart            Conj           ####         1%          1    None
b - Searing Ray           Conj           ####..       1%          2    #......
c - Dazzling Spray        Conj/Hex       ####....     4%          3    ##.....
d - Fulminant Prism       Conj/Hex       ####......   14%         4    ####...


Dungeon Overview and Level Annotations

Branches:
Dungeon (6/15)             Temple (0/1) D:4

Altars:
Kikubaaqudgha
Makhleb
Nemelex Xobeh
Pakellas
Ru
Trog
Vehumet
Zin

Shops:
D:4 %

Annotations:
D:3 Gottschkopf's ghost, amateur DrBe
D:4 opkc's ghost, amateur HuNe


Innate Abilities, Weirdness & Mutations

You cannot wear most types of armour.
You are amphibious.
You can wear up to eight rings at the same time.
You can use your tentacles to constrict eight enemies at once.
Your skin changes colour to match your surroundings (Stealth).
Your rubbery body absorbs attacks (AC +1).
You are partially covered in molten scales (AC +1).


Message History

Drink which item? (? for menu, Esc to quit)
Okay, then.
Unknown command.
Casting: Magic Dart
Confirm with . or Enter, or press ? or * to list all spells.
Okay, then.
Unknown command.
Wield which item (- for none, * to show all)? (? for menu, Esc to quit)
You feel less protected.
It bursts into flame!
j - a +5 hand axe of flaming (weapon)
The ice beast hits you.
* * * LOW HITPOINT WARNING * * *
The ice beast freezes you. You resist.
* * * LOW HITPOINT WARNING * * *
You hit the ice beast.
You melt the ice beast.
The ice beast is almost dead.
The ice beast hits you.
* * * LOW HITPOINT WARNING * * *
The ice beast freezes you. You resist.
You die...

### ..# #.# ###########***
#.############..........,,**
........................,,>*
...###########.....!....,,,*
#..# #..........,,,* #.)#
###@#######**,* ...#
****#Y#********,* ...#
#...†........**,* ...###
#............**,* .....#
#............**,* )..#.####
#............**,* ...#....#
#####.#######**,* #..#....#
#.# *,* ...#....# #.#
*,******


You could see an ice beast.

Vanquished Creatures
  Sigmund (D:2)
  A centaur (D:5)
  A big kobold (D:4)
  A scorpion (D:5)
  2 crimson imps
  2 giant frog zombies
  4 hounds
  2 gnoll shamans
  Jessica (D:2)
  3 worker ants
  A hound skeleton (D:5)
  Robin (D:2)
  9 gnolls
  4 adders
  A shadow imp (D:5)
  2 oozes
  An adder skeleton (D:3)
  2 worms
  3 giant geckos
  2 giant cockroaches
  19 goblins
  6 hobgoblins
  8 jackals
  3 quokkas
  2 ball pythons
  8 bats
  5 giant newts
  2 jackal skeletons (D:4)
  12 kobolds
  9 rats
118 creatures vanquished.

Notes
Turn   | Place    | Note
--------------------------------------------------------------
     0 | D:1      | MrRokkomies the Octopode Conjurer began the quest for the Orb.
     0 | D:1      | Reached XP level 1. HP: 11/11 MP: 3/3
   211 | D:1      | Found a sparkling altar of Nemelex Xobeh.
   643 | D:1      | Reached XP level 2. HP: 17/17 MP: 5/5
   873 | D:2      | Learned a level 2 spell: Searing Ray
   921 | D:2      | Found a sacrificial altar of Ru.
  1031 | D:2      | Reached XP level 3. HP: 21/21 MP: 6/6
  1057 | D:2      | Reached skill level 5 in Conjurations
  1076 | D:2      | Found an oddly glowing altar of Pakellas.
  1083 | D:2      | Found a burning altar of Makhleb.
  1083 | D:2      | Found a radiant altar of Vehumet.
  1101 | D:2      | Became a worshipper of Vehumet
  1278 | D:2      | Noticed Robin
  1280 | D:2      | Killed Robin
  1475 | D:2      | Noticed Sigmund
  1476 | D:2      | Reached XP level 4. HP: 27/27 MP: 7/7
  1482 | D:2      | Killed Sigmund
  1482 | D:2      | Reached skill level 6 in Conjurations
  1482 | D:2      | Reached XP level 5. HP: 20/31 MP: 1/9
  1572 | D:2      | Reached * piety under Vehumet
  1572 | D:2      | Offered knowledge of Sandblast by Vehumet.
  1587 | D:2      | Noticed Jessica
  1599 | D:2      | Killed Jessica
  1599 | D:2      | Reached XP level 6. HP: 34/36 MP: 3/10
  2091 | D:2      | Learned a level 3 spell: Dazzling Spray
  2096 | D:2      | Learned a level 4 spell: Fulminant Prism
  2499 | D:3      | Found an ancient bone altar of Kikubaaqudgha.
  2584 | D:3      | Reached skill level 1 in Hexes
  2616 | D:3      | Found a sparkling altar of Nemelex Xobeh.
  2925 | D:3      | Noticed Gottschkopf's ghost (amateur DrBe)
  3106 | D:4      | Reached ** piety under Vehumet
  3106 | D:4      | Offered knowledge of Sting by Vehumet.
  3109 | D:4      | Found Urhe's Food Shop.
  3308 | D:4      | Found a staircase to the Ecumenical Temple.
  3531 | D:4      | Noticed opkc's ghost (amateur HuNe)
  3606 | D:4      | Reached XP level 7. HP: 11/41 MP: 9/12
  3700 | D:5      | Entered Level 5 of the Dungeon
  3906 | D:5      | Found a glowing silver altar of Zin.
  4236 | D:5      | Got a smoking golden ring
  4243 | D:5      | Identified the ring "Ineoss" {Ice rPois} (You found it on level 5 of the Dungeon)
  4282 | D:5      | Reached skill level 5 in Hexes
  4282 | D:5      | Reached XP level 8. HP: 24/46 MP: 3/14
  4711 | D:6      | Reached skill level 1 in Fighting
  4739 | D:6      | Offered knowledge of Inner Flame by Vehumet.
  4770 | D:6      | Gained mutation: You are partially covered in molten scales (AC +1). [potion of beneficial mutation]
  4813 | D:6      | Found a bloodstained altar of Trog.
  4966 | D:6      | Slain by an ice beast

Vault maps used:
D:1:      co_arrival_random_square_maze, nemelex_diamond_rough_becter
D:2:      gammafunk_temple_overflow_forgotten, first_bread,
          nicolae_ru_sacrificial_ziggurat, uniq_robin, uniq_sigmund,
          uniq_jessica
D:3:      lemuel_crystal_altar, nemelex_xobeh_ov_fountains_minmay,
          minmay_misc_feat_pillars
D:4:      temple_pool_b, serial_shops, shop_statue, columned_hall_lemuel
D:5:      basic_altar, minmay_misc_feat_diagonals
D:6:      lemuel_crystal_altar

Action                   |  1- 3 |  4- 6 |  7- 9 || total
-------------------------+-------+-------+-------++-------
Melee: Hand axe          |    38 |    61 |    20 ||   119
       Dagger            |     2 |       |       ||     2
       Unarmed           |     1 |       |       ||     1
       Flail             |       |       |    51 ||    51
 Cast: Magic Dart        |    14 |    14 |    33 ||    61
       Searing Ray       |     1 |     3 |     2 ||     6
       Dazzling Spray    |       |     1 |     2 ||     3
  Use: Scroll            |     4 |     4 |    10 ||    18
       Potion            |       |       |     1 ||     1
 Stab: Sleeping          |     4 |    13 |     6 ||    23
  Eat: Chunk             |     2 |     7 |     3 ||    12
       Beef jerky        |       |       |     1 ||     1
